Map: Nightshade LE

Players

Furis

  • Race: Terran Terran
  • League: Diamond
  • Spawn Location: 5:00

A.I. 1 (Very Easy) - Winner!

  • Race: Protoss Protoss
  • Spawn Location: 11:00

VOD

Have the link to the VOD?

Description

Time

  • Played on: May 17, 2020, 5:02 p.m.
  • Length: 5:56
Show
View Real Time Build Order
Export as new Build Order

Furis Terran 

Build Orders: Reaper Expand 

Get SALT Encoding   

  12  0:01  SCV  
  13  0:13  SCV  
  14  0:16  Supply Depot  
  14  0:25  SCV  
  15  0:38  SCV  
  15  0:40  Barracks  
  16  0:44  Refinery  
  16  0:50  SCV  
  17  1:02  SCV  
  18  1:14  SCV  
  19  1:27  Orbital Command, Reaper  
  20  1:42  Command Center  
  20  1:52  Supply Depot, SCV  
  21  1:59  Marine  
  22  2:01  Refinery  
  22  2:05  SCV  
  23  2:15  Factory  
  23  2:17  SCV, Marine  
  25  2:29  SCV  
  26  2:36  Barracks Reactor  
  26  2:40  Bunker  
  26  2:45  SCV  
  27  2:54  Orbital Command  
  27  2:59  Widow Mine  
  27  3:00  Starport  
  27  3:04  SCV  
  30  3:13  Marine x2  
  30  3:18  SCV  
  34  3:20  SCV  
  34  3:21  Widow Mine  
  36  3:29  Supply Depot  
  36  3:34  Marine x2  
  36  3:37  Medivac  
  40  3:42  SCV x2, Widow Mine  
  44  3:51  Marine  
  44  3:52  Marine  
  44  3:54  SCV  
  44  3:55  SCV  
  48  4:00  Barracks  
  48  4:01  Barracks  
  48  4:15  Starport Reactor  
  48  4:17  Factory Tech Lab  
  48  4:22  SCV x2  
  50  4:24  Command Center  
  50  4:27  Bunker  
  50  4:30  Supply Depot  
  50  4:33  Supply Depot  
  50  4:34  SCV x2  
  52  4:46  SCV x2  
  52  4:50  Barracks Reactor  
  54  4:53  Medivac x2  
  54  4:54  Marine  
  54  4:55  Marine  
  54  4:58  Engineering Bay, SCV x2  
  62  5:01  Engineering Bay  
  62  5:09  Refinery  
  62  5:10  SCV  
  62  5:11  SCV  
  62  5:12  Refinery  
  62  5:13  Marine  
  65  5:15  Marine  
  65  5:17  Marine  
  67  5:23  SCV  
  68  5:32  Marine x2  
  70  5:35  Marine  
Show
View Real Time Build Order
Export as new Build Order

A.I. 1 (Very Easy) Protoss - Winner!

Build Orders:  

Get SALT Encoding   

  12  0:00  Probe  
  13  0:13  Probe  
  14  0:20  Pylon  
  14  0:37  Assimilator  
  14  0:43  Gateway  
  14  0:48  Pylon  
  14  1:15  Assimilator  
  14  1:24  Probe  
  14  1:25  Zealot  
  14  1:32  Probe  
  15  1:34  Cybernetics Core  
  18  1:42  Probe  
  19  1:54  Probe  
  20  2:02  Probe  
  21  2:10  Probe, Warp Gate  
  22  2:42  Stalker  
Tags
 
Add a new tag
Caveats
  • Supply blocks, unpowered buildings, or Contaminate may cause inaccurate times.
  • Supply counts are checked every 10 seconds.